 Dungeon Crawl Stone Soup version 0.26.1-2-gb8aa6d0cf2 (webtiles) character file.

Game seed: 11343910450425065841

611 RaudVrn the Shield-Bearer (level 7, -2/60 HPs)
             Began as a Gnoll Fighter on Feb 28, 2021.
             Slain by a river rat (8 damage)
             ... on level 5 of the Dungeon.
             The game lasted 00:23:36 (4287 turns).

RaudVrn the Shield-Bearer (Gnoll Fighter)           Turns: 4287, Time: 00:23:36

Health: -2/60      AC:  7    Str: 18    XL:     7   Next: 43%
Magic:  10/10      EV:  9    Int: 12    God:
Gold:   260        SH: 12    Dex: 15    Spells: 11/11 levels left

rFire    + . .     SeeInvis +   a - +0 war axe
rCold    x . .     Faith    .   c - +1 kite shield
rNeg     . . .     Spirit   .   b - +0 scale mail
rPois    .         Reflect  .   (no helmet)
rElec    .         Harm     .   m - scarf {+Inv}
rCorr    .         Rampage  .   (no gloves)
Will     .....                  (no boots)
Stlth    +.........             (no amulet)
HPRegen  0.20/turn              l - ring of fire
MPRegen  0.12/turn              o - ring of see invisible

@: no status effects
A: distributed training, fangs 1, strong nose
a: Evoke Invisibility


You were on level 5 of the Dungeon.
You visited 1 branch of the dungeon, and saw 5 of its levels.

You collected 260 gold pieces.

Inventory:

Hand Weapons
 a - a +0 war axe (weapon)
 n - the +10 dark maul {vorpal}
   (You found it on level 4 of the Dungeon)

   It inflicts extra damage upon your enemies.
Armour
 b - a +0 scale mail (worn)
 c - a +1 kite shield (worn)
 m - a scarf of invisibility (worn)
Jewellery
 l - a ring of fire (left hand)
 o - a ring of see invisible (right hand)
Scrolls
 f - 4 scrolls of identify
 h - a scroll of magic mapping
 k - 3 scrolls of fear
Potions
 d - 3 potions of might
 e - 2 potions of brilliance {unknown}
 g - a potion of lignification
 i - 2 potions of curing
 j - a potion of heal wounds {unknown}
 p - a potion of magic {unknown}


   Skills:
 + Level 7.0 Fighting
 + Level 2.5 Short Blades
 + Level 2.5 Long Blades
 + Level 5.2 Axes
 + Level 2.5 Maces & Flails
 + Level 2.5 Polearms
 + Level 2.5 Staves
 + Level 2.5 Slings
 + Level 2.5 Bows
 + Level 2.5 Crossbows
 + Level 2.5 Throwing
 + Level 7.0 Armour
 + Level 2.5 Dodging
 + Level 2.5 Stealth
 + Level 7.0 Shields
 + Level 2.5 Unarmed Combat
 + Level 2.5 Spellcasting
 + Level 2.0 Conjurations
 + Level 2.0 Hexes
 + Level 2.0 Summonings
 + Level 2.0 Necromancy
 + Level 2.0 Translocations
 + Level 2.0 Transmutations
 + Level 2.0 Fire Magic
 + Level 2.0 Ice Magic
 + Level 2.0 Air Magic
 + Level 2.0 Earth Magic
 + Level 2.0 Poison Magic
 + Level 2.7 Invocations
 + Level 2.5 Evocations


You had 11 spell levels left.
You didn't know any spells.
Your spell library was empty.

Dungeon Overview and Level Annotations

Branches:
Dungeon (5/15)             Temple (0/1) D:5

Altars:
Dithmenos
Fedhas
Kikubaaqudgha

Annotations:
D:3 exclusion: oklob plant
D:5 Edmund


Innate Abilities, Weirdness & Mutations

Your experience applies equally to all skills.
You have very sharp teeth.
Your uncanny sense of smell can sniff out nearby items.


Message History

You hit the river rat but do no damage. You slash the adder!
You kill the adder!
The river rat bites you!
* * * LOW HITPOINT WARNING * * *
The river rat bites you but does no damage.
Your Conjurations skill increases to level 2!
Your Hexes skill increases to level 2!
Your Summonings skill increases to level 2!
Your Necromancy skill increases to level 2!
Your Translocations skill increases to level 2!
Your Transmutations skill increases to level 2!
Your Fire Magic skill increases to level 2!
Your Ice Magic skill increases to level 2!
Your Air Magic skill increases to level 2!
Your Earth Magic skill increases to level 2!
Your Poison Magic skill increases to level 2!
You hit the river rat but do no damage.
The river rat is almost dead.
The river rat bites you!
You die...

,,,,,,,.,,,,<....,*
**,,,,,....,,...#**
*,,,,,,....,,...#####
*,,,,,,).S..##c..[..##
,,,,,,,#....#.......?#
,,,,,,,#......<.#..#*###*
,,,,,,,#....o#(.#..#....*
,,,,,,,........##)......*
,,,,,,,.......(#@.....!.*
,,,,,,,........r).....##*
,,,,,*,.......#......##
,,,,**,.......#......#
*,,,**,..).......$>###
*,*,,,,..............*
**,,,**≈≈≈≈≈##......##
*,,,,**≈≈≈≈≈*#......#
,,,,,≈≈,,,,,≈≈.....##**


You could see a river rat.

Vanquished Creatures
  A centaur (D:5)
  A bullfrog (D:2)
  A scorpion (D:4)
  A howler monkey (D:5)
  2 orc priests
  3 hounds
  An orc wizard (D:3)
  4 gnolls
  7 adders
  A howler monkey skeleton (D:4)
  An ufetubus (D:5)
  3 worms
  3 dart slugs
  2 leopard geckos
  11 orcs
  5 giant cockroaches
  5 goblins
  7 hobgoblins
  3 jackals (D:1)
  2 quokkas
  4 ball pythons
  3 bats
  3 frilled lizards
  4 kobolds (D:1)
  7 rats
85 creatures vanquished.

Vanquished Creatures (others)
  8 plants
8 creatures vanquished.

Grand Total: 93 creatures vanquished

Notes
Turn   | Place    | Note
-------+----------+-------------------------------------------
     0 | D:1      | RaudVrn the Gnoll Fighter began the quest for the Orb.
     0 | D:1      | Reached XP level 1. HP: 23/23 MP: 1/1
   141 | D:1      | Reached XP level 2. HP: 29/29 MP: 2/2
   471 | D:1      | Reached XP level 3. HP: 33/35 MP: 2/4
   786 | D:1      | Reached skill level 1 in Invocations
  1254 | D:2      | Reached skill level 1 in Short Blades
  1254 | D:2      | Reached skill level 1 in Long Blades
  1254 | D:2      | Reached skill level 1 in Maces & Flails
  1254 | D:2      | Reached skill level 1 in Polearms
  1254 | D:2      | Reached skill level 1 in Staves
  1254 | D:2      | Reached skill level 1 in Slings
  1254 | D:2      | Reached skill level 1 in Bows
  1254 | D:2      | Reached skill level 1 in Crossbows
  1254 | D:2      | Reached skill level 1 in Throwing
  1254 | D:2      | Reached skill level 1 in Dodging
  1254 | D:2      | Reached skill level 1 in Stealth
  1254 | D:2      | Reached skill level 1 in Unarmed Combat
  1254 | D:2      | Reached skill level 1 in Spellcasting
  1254 | D:2      | Reached skill level 1 in Evocations
  1314 | D:2      | Reached XP level 4. HP: 41/41 MP: 5/5
  1386 | D:2      | Found a shadowy altar of Dithmenos.
  1387 | D:2      | Noticed a bullfrog
  1399 | D:2      | Killed a bullfrog
  1400 | D:2      | Reached skill level 1 in Conjurations
  1400 | D:2      | Reached skill level 1 in Hexes
  1400 | D:2      | Reached skill level 1 in Summonings
  1400 | D:2      | Reached skill level 1 in Necromancy
  1400 | D:2      | Reached skill level 1 in Translocations
  1400 | D:2      | Reached skill level 1 in Transmutations
  1400 | D:2      | Reached skill level 1 in Fire Magic
  1400 | D:2      | Reached skill level 1 in Ice Magic
  1400 | D:2      | Reached skill level 1 in Air Magic
  1400 | D:2      | Reached skill level 1 in Earth Magic
  1400 | D:2      | Reached skill level 1 in Poison Magic
  1400 | D:2      | Reached XP level 5. HP: 28/47 MP: 5/7
  1738 | D:2      | Found a blossoming altar of Fedhas.
  1742 | D:2      | Found an ancient bone altar of Kikubaaqudgha.
  2240 | D:3      | Found a blossoming altar of Fedhas.
  2260 | D:3      | Noticed an oklob plant
  2380 | D:3      | Reached XP level 6. HP: 37/53 MP: 8/8
  2902 | D:3      | Reached skill level 5 in Axes
  4069 | D:4      | Reached XP level 7. HP: 51/59 MP: 10/10
  4137 | D:4      | Found the +10 dark maul {vorpal}
  4211 | D:5      | Entered Level 5 of the Dungeon
  4245 | D:5      | Noticed Edmund
  4287 | D:5      | Slain by a river rat

Illustrated notes

Levels and vault maps discovered:
D:1:      lemuel_arrival_funnel, layout_basic, minmay_tetromino_i2
D:2:      layout_rooms, grunt_temple_overflow_growth_and_decay,
          nicolae_dithmenos_through_a_glass_darkly
D:3:      layout_loops_ring, serial_bayou, serial_bayou_shore_a,
          serial_bayou_pond_e, serial_bayou_pond_d, serial_bayou_lagoon_a,
          minivault_19, tgw_fedhas
D:4:      layout_rooms
D:5:      layout_cave_pools, gammafunk_temple_overflow_forgotten,
          minmay_temple_entry_grid, cheibrodos_sewer_entry_sluice, minivault_5,
          uniq_edmund, uniq_menkaure

Skill      XL: |  1  2  3  4  5  6  7 |
---------------+----------------------+-----
Invocations    | 1 2 |  2.7
Short Blades   | 1 2 |  2.5
Long Blades    | 1 2 |  2.5
Maces & Flails | 1 2 |  2.5
Polearms       | 1 2 |  2.5
Staves         | 1 2 |  2.5
Slings         | 1 2 |  2.5
Bows           | 1 2 |  2.5
Crossbows      | 1 2 |  2.5
Throwing       | 1 2 |  2.5
Dodging        | 1 2 |  2.5
Stealth        | 1 2 |  2.5
Unarmed Combat | 1 2 |  2.5
Spellcasting   | 1 2 |  2.5
Evocations     | 1 2 |  2.5
Conjurations   | 1 2 |  2.0
Hexes          | 1 2 |  2.0
Summonings     | 1 2 |  2.0
Necromancy     | 1 2 |  2.0
Translocations | 1 2 |  2.0
Transmutations | 1 2 |  2.0
Fire Magic     | 1 2 |  2.0
Ice Magic      | 1 2 |  2.0
Air Magic      | 1 2 |  2.0
Earth Magic    | 1 2 |  2.0
Poison Magic   | 1 2 |  2.0
Axes           | 5 |  5.2
Fighting       | 7 |  7.0
Armour         | 7 |  7.0
Shields        | 7 |  7.0

Action                   |  1- 3 |  4- 6 |  7- 9 || total
-------------------------+-------+-------+-------++-------
Melee: War axe           |    77 |   150 |    39 ||   266
       Bite              |     4 |    14 |     8 ||    26
  Use: Scroll            |       |     9 |     1 ||    10
       Potion            |       |     1 |     1 ||     2
Armor: Scale mail        |    19 |    53 |    15 ||    87
       Skin              |       |     3 |       ||     3
Dodge: Dodged            |    16 |    47 |    23 ||    86
Block: Kite shield       |    38 |   100 |    42 ||   180
